 Dungeon Crawl Stone Soup version 0.16-a0-3472-g5ce0ac0 (webtiles) character file.

1154 Charly the Geomancer (level 8, 0/62 HPs)
             Began as a Deep Dwarf Earth Elementalist on Jan 3, 2015.
             Was a Follower of Nemelex Xobeh.
             Shot with a sling bullet by a hobgoblin (6 damage)
             ... on level 4 of the Dungeon.
             The game lasted 00:26:46 (2997 turns).

Charly the Geomancer (DDEE)                         Turns: 2997, Time: 00:26:46

Health: 0/62       AC:  5    Str: 12    XL:     8   Next: 16%
Magic:  17/18      EV: 12    Int: 18    God:    Nemelex Xobeh [*.....]
Gold:   216        SH:  0    Dex: 13    Spells: 1 memorised, 9 levels left

rFire  . . .     SeeInvis +     a - -2 blowgun
rCold  . . .     Clarity  .     j - +2 robe {rN+}
rNeg   + . .     SustAb   .     (no shield)
rPois  .         Gourm    .     (no helmet)
rElec  .         Spirit   .     c - +0 cloak
rCorr  .         Warding  .     (no gloves)
rMut   .         Stasis   .     (no boots)
MR     +....                    (no amulet)
Stlth  ++........               t - ring of see invisible
                                (no ring)

@: non-regenerating, somewhat resistant to hostile enchantments, unstealthy
A: damage resistance, recharge devices, sense surroundings 1, slow healing 3
a: Device Recharging, Renounce Religion


You were on level 4 of the Dungeon.
You worshipped Nemelex Xobeh.
Nemelex Xobeh was aware of your devotion.
You were not hungry.

You visited 1 branch of the dungeon, and saw 5 of its levels.

You collected 216 gold pieces.

Inventory:

Hand weapons
 a - a -2 blowgun (weapon)
Missiles
 b - 206 stones
 i - 7 poisoned needles (quivered)
Armour
 c - a +0 cloak (worn)
 j - a +2 robe of positive energy (worn)
Jewellery
 t - a ring of see invisible (right hand)
Magical devices
 p - a wand of heal wounds (4)
Scrolls
 h - a scroll of recharging
 l - a scroll of noise {unknown}
 q - a scroll of remove curse
 s - a scroll of enchant armour {unknown}
 v - a scroll of vulnerability {unknown}
Potions
 e - 2 potions of resistance
 k - a potion of mutation {unknown}
 m - a potion of might {unknown}
 n - a potion of degeneration {unknown}
 o - 4 potions of curing
 r - a potion of heal wounds {unknown}
 w - a potion of invisibility {unknown}
 x - a potion of ambrosia {unknown}
Books
 d - a book of Geomancy

   Spells                             Type                      Level
   a - Sandblast                      Earth                        1
   b - Stoneskin                      Transmutation/Earth          2
   c - Passwall                       Transmutation/Earth          3
   d - Stone Arrow                    Conjuration/Earth            3
   e - Petrify                        Transmutation/Earth          4
   f - Lee's Rapid Deconstruction     Earth                        5
 u - a book of the Tempests

   Spells                             Type                      Level
   a - Static Discharge               Conjuration/Air              3
   b - Lightning Bolt                 Conjuration/Air              5
   c - Fireball                       Conjuration/Fire             5
   d - Tornado                        Air                          9
   e - Shatter                        Earth                        9
Comestibles
 f - 4 bread rations


   Skills:
 - Level 2.1 Dodging
 - Level 2.4 Stealth
 - Level 1.7 Spellcasting
   Level 0.8 Transmutations
 + Level 10.3 Earth Magic
 + Level 8.9 Evocations


You had 9 spell levels left.
You knew the following spells:

 Your Spells              Type           Power        Failure   Level  Hunger
b - Sandblast             Erth           #####.       1%          1    #......


Dungeon Overview and Level Annotations

Branches:
Dungeon (5/15)
 Temple: D:4-7

Altars:
Nemelex Xobeh
Zin
The Shining One


Innate Abilities, Weirdness & Mutations

You are resistant to damage.
You can recharge devices by infusing magical energy.
You passively map a small area around you.
You do not heal naturally.


Message History

The sling bullet closely misses you.
The goblin shoots a stone.
The stone hits you but does no damage.
Firing (i - inventory. (,) - cycle):
i - 9 poisoned needles (quivered)
Press: ? - help, Shift-Dir - straight line, f - goblin, p - hobgoblin
Aim: a goblin, wielding a hunting sling You shoot a poisoned needle.
The poisoned needle hits the goblin!
The goblin is poisoned.
The hobgoblin shoots a sling bullet.
The sling bullet closely misses you.
The goblin shoots a stone.
The stone barely misses you.
The goblin shoots a stone.
The stone hits you.
* * * LOW HITPOINT WARNING * * *
Firing (i - inventory. (,) - cycle):
i - 8 poisoned needles (quivered)
Press: ? - help, Shift-Dir - straight line, f - goblin, p - goblin
Aim: a goblin, wielding a hunting sling You shoot a poisoned needle.
The poisoned needle hits the goblin.
The goblin is poisoned.
You kill the goblin!
The hobgoblin shoots a sling bullet.
The sling bullet hits you.
The hobgoblin shoots a sling bullet.
The sling bullet hits you!
You die...
Your body disappears without a glow.

..#.....## ##..... ≈
..'......###.......# ,
###.......#......).##+
).........#.........(.# ≈
..........'.........(.#
.....)....#.......gg.. ≈ ≈≈#
###)......#.(......# ≈≈≈≈≈≈#
..'......###.(.....# #≈≈≈≈≈≈≈#
..#.....## ##.((@)(# ,#≈≈≈≈≈≈≈#
#################### #≈≈≈≈≈≈≈#
≈≈≈≈≈≈≈≈≈≈≈≈≈≈≈≈≈≈≈#####≈≈≈≈≈≈≈#
≈≈≈≈≈≈≈≈≈≈≈≈≈≈≈≈≈≈≈≈≈≈≈≈≈≈≈≈≈≈≈#
≈≈≈≈≈≈≈≈≈≈≈≈≈≈≈≈≈≈≈≈≈≈≈≈≈≈≈≈≈≈≈#
≈≈≈..≈≈≈.≈≈.≈≈≈≈≈≈≈≈≈≈..≈≈.≈..≈#
...............................#
.........................).....#
....................(>........##


You could see a hobgoblin and a goblin.

Vanquished Creatures
  A wyvern (D:5)
  Eustachio (D:4)
  The ghost of Grim the Vexing, an average FeEn (D:4)
  Duvessa (D:4)
  6 big kobolds (D:4)
  Dowan (D:4)
  A crimson imp (D:5)
  A jelly (D:4)
  A worker ant (D:4)
  Terence (D:2)
  4 adders
  2 gnolls (D:4)
  3 worms
  A white imp (D:4)
  An ooze (D:2)
  4 orcs
  A ball python (D:1)
  10 bats
  3 giant cockroaches
  12 hobgoblins
  8 jackals
  3 quokkas
  2 giant newts
  29 goblins
  7 kobolds
  10 rats
115 creatures vanquished.

Vanquished Creatures (others)
  2 goblins (D:4)
2 creatures vanquished.

Grand Total: 117 creatures vanquished

Notes
Turn   | Place    | Note
--------------------------------------------------------------
     0 | D:1      | Charly, the Deep Dwarf Earth Elementalist, began the quest for the Orb.
     0 | D:1      | Reached XP level 1. HP: 15/15 MP: 2/2
   260 | D:1      | Reached XP level 2. HP: 20/22 MP: 0/3
   349 | D:1      | Reached skill level 5 in Earth Magic
   663 | D:2      | Reached XP level 3. HP: 20/28 MP: 0/5
   665 | D:2      | Noticed Terence
   714 | D:2      | Killed Terence
   714 | D:2      | Reached skill level 6 in Earth Magic
   758 | D:2      | Found a sparkling altar of Nemelex Xobeh.
   762 | D:2      | Became a worshipper of Nemelex Xobeh the Trickster
   800 | D:2      | Received a gift from Nemelex Xobeh
   870 | D:2      | Reached skill level 1 in Evocations
   888 | D:2      | Found a glowing golden altar of the Shining One.
   914 | D:2      | HP: 1/28 [hobgoblin (4)]
   915 | D:2      | Reached XP level 4. HP: 1/36 MP: 0/6
  1504 | D:3      | You fall through a shaft for 2 floors!
  1504 | D:5      | Entered Level 5 of the Dungeon
  1516 | D:5      | Reached XP level 5. HP: 15/42 MP: 3/7
  1528 | D:4      | Noticed Duvessa
  1528 | D:4      | Noticed Dowan
  1580 | D:5      | Noticed an ogre
  1583 | D:5      | Noticed a wyvern
  1583 | D:5      | an ogre changed into a wyvern
  1590 | D:5      | Killed a wyvern
  1590 | D:5      | Reached skill level 7 in Earth Magic
  1590 | D:5      | Reached XP level 6. HP: 36/49 MP: 7/10
  1780 | D:5      | Noticed an angel
  1781 | D:5      | Found a glowing silver altar of Zin.
  2035 | D:4      | Noticed Eustachio
  2055 | D:4      | Killed Eustachio
  2055 | D:4      | Reached skill level 8 in Earth Magic
  2055 | D:4      | Reached skill level 5 in Evocations
  2149 | D:4      | Killed Duvessa
  2149 | D:4      | Reached XP level 7. HP: 37/55 MP: 9/14
  2151 | D:4      | Killed Dowan
  2568 | D:4      | Reached skill level 9 in Earth Magic
  2610 | D:4      | Noticed Grim's ghost (average FeEn)
  2628 | D:4      | Killed Grim's ghost
  2794 | D:4      | Reached skill level 10 in Earth Magic
  2797 | D:4      | Reached XP level 8. HP: 11/62 MP: 4/18
  2997 | D:4      | Shot with a sling bullet by a hobgoblin

Action                   |  1- 3 |  4- 6 |  7- 9 || total
-------------------------+-------+-------+-------++-------
Melee: Unarmed           |    85 |       |       ||    85
 Fire: Blowgun           |       |    25 |    16 ||    41
 Cast: Sandblast         |    52 |    55 |    80 ||   187
Evoke: Wand              |     3 |     4 |     1 ||     8
       Deck              |       |    11 |       ||    11
  Use: Scroll            |     2 |     4 |       ||     6
       Potion            |       |       |     1 ||     1
 Stab: Sleeping          |       |     4 |     2 ||     6
  Eat: Chunk             |     1 |     2 |       ||     3
